 Dungeon Crawl Stone Soup version 0.30.1-3-gfc49f6343a (webtiles) character file.

Game seed: 11548366030265701386

1049 shmup the Arsonist (level 8, -5/38 (41) HPs)
             Began as a Tengu Fire Elementalist on July 23, 2023.
             Shot with an arrow by a centaur (8 damage)
             ... on level 6 of the Dungeon.
             The game lasted 00:19:06 (6607 turns).

shmup the Arsonist (Tengu Fire Elementalist)        Turns: 6607, Time: 00:19:06

HP:   -5/38 (41)    AC:  7    Str:  8    XL:     8   Next: 25%
MP:   9/12          EV: 20    Int: 18    God:
Gold: 52            SH:  0    Dex: 19    Spells: 8/11 levels left

rFire   . . .        w - +1 short sword (venom)
rCold   . . .        (no shield)
rNeg    . . .        a - +1 robe
rPois   .            (helmet restricted)
rElec   .            (no cloak)
rCorr   .            (no gloves)
SInv    .            (boots unavailable)
Will    .....        (no amulet)
Stlth   ++           u - ring "Ovi Iharaq" {AC+4 Dex+4}
HPRegen 0.26/turn    x - +5 ring of evasion
MPRegen 0.13/turn

%: no passive effects
@: flying quickly and evasively, drained, quick
A: beak, talons 3, nimble flight
a: no special abilities


You were on level 6 of the Dungeon.
You visited 1 branch of the dungeon, and saw 6 of its levels.

You collected 194 gold pieces.
You spent 142 gold pieces at shops.

Inventory:

Hand Weapons
 c - a +0 dagger
 w - a +1 short sword of venom (weapon)
Missiles
 f - 6 stones (quivered)
 n - 6 poisoned darts
Armour
 a - a +1 robe (worn)
 d - the +1 robe of Henotheism {-Cast Fly rC++ rN++}
   (You bought it in a shop on level 1 of the Dungeon)

   rC:        It greatly protects you from cold.
   rN:        It greatly protects you from negative energy.
   Fly:       It grants you flight.
   -Cast:     It prevents spellcasting.
Jewellery
 u - the ring "Ovi Iharaq" (left hand) {AC+4 Dex+4}
   (You took it off a kobold on level 4 of the Dungeon)

   [ring of protection]

   AC:        It affects your AC (+4).
   Dex:       It affects your dexterity (+4).
 x - a +5 ring of evasion (right hand)
Scrolls
 e - a scroll of poison {unknown}
 o - a scroll of torment {unknown}
 q - a scroll of blinking {unknown}
 r - a scroll of immolation {unknown}
 t - a scroll of enchant armour
 v - 2 scrolls of teleportation {unknown}
Potions
 b - a potion of magic
 g - a potion of degeneration {unknown}
 h - 2 potions of flight
 i - 3 potions of curing
 j - 2 potions of mutation {unknown}
 k - 3 potions of heal wounds
 l - 5 potions of brilliance
 m - 2 potions of berserk rage {unknown}
 p - a potion of might {unknown}
 s - a potion of lignification {unknown}


   Skills:
 - Level 2.1 Dodging
 - Level 2.0 Stealth
 - Level 2.0 Spellcasting
 + Level 7.1 Conjurations
 * Level 0.0 Hexes
 + Level 9.1 Fire Magic


You had 8 spell levels left.
You knew the following spells:

 Your Spells              Type           Power      Damage    Failure   Level
a - Foxfire               Conj/Fire      100%       2x1d9     1%          1
b - Scorch                Fire           68%        2d8       1%          2

Your spell library contained the following spells:

 Spells                   Type           Power      Damage    Failure   Level
 Momentum Strike          Conj/Tloc      28%        3d8       6%          2
 Flame Wave               Conj/Fire      31%        2d9       6%          4
 Sticky Flame             Conj/Fire      31%        2d5       6%          4
 Inner Flame              Hex/Fire       18%        N/A       9%          3
 Volatile Blastmotes      Fire/Tloc      36%        2d13      9%          3
 Hailstorm                Conj/Ice       14%        3d5       13%         3
 Ignite Poison            Fire/Tmut/Pois 12%        N/A       16%         3
 Slow                     Hex            4%         N/A       19%         1
 Sting                    Tmut/Pois      4%         1d3       19%         1
 Blink                    Tloc           2%         N/A       26%         2
 Lesser Beckoning         Tloc           2%         N/A       26%         2
 Poisonous Vapours        Pois/Air       2%         N/A       26%         2
 Confusing Touch          Hex            1%         N/A       47%         3
 Vampiric Draining        Necr           1%         2d6       47%         3
 Ice Form                 Ice/Tmut       1%         N/A       87%         4
 Olgreb's Toxic Radiance  Pois           1%         N/A       87%         4
 Simulacrum               Ice/Necr       0%         N/A       100%        6
 Ignition                 Fire           17%        3d7       100%        8


Dungeon Overview and Level Annotations

Branches:
Dungeon (6/15)
 Temple: D:4-7

Altars:
Elyvilon
Gozag
Hepliaklqana
Trog
The Shining One

Shops:
D:1 [   D:3 [=(([

Annotations:
D:4 3 runed translucent doors, AylatheWolf's ghost, amateur MiFi


Innate Abilities, Weirdness & Mutations

You have a beak for a mouth.
You have claws for feet.
Your magical nature lets you fly swiftly and evasively.


Message History

Search for what [Enter for "Goaz", or ? for help]?
Gozag
Items here: ) [.
There is an opulent altar of Gozag here.
You hover solemnly before the altar of Gozag.
Gozag does not accept service from beggars like you!
The service fee for joining is currently 98 gold; you only have 52.
Casting: Foxfire (safe; 1% risk of failure)
Confirm with . or Enter, or press ? or * to list all spells.
You conjure some foxfire!
The centaur shouts! x2; You hear a shout!
The centaur wields a +0 shortbow.
The centaur shoots an arrow.
The arrow completely misses you.
The centaur shoots an arrow.
The arrow completely misses you.
Casting: Foxfire (safe; 1% risk of failure)
Confirm with . or Enter, or press ? or * to list all spells.
You conjure some foxfire!
The foxfire hits the centaur.
The centaur is moderately wounded.
The foxfire hits the centaur!
The centaur is heavily wounded.
Casting: Foxfire (safe; 1% risk of failure)
Confirm with . or Enter, or press ? or * to list all spells.
Okay, then.
The foxfire hits the centaur.
The centaur is almost dead.
The foxfire hits the centaur.
The centaur is almost dead.
The centaur shoots an arrow.
The arrow hits you!
The centaur shoots an arrow.
The arrow hits you.
The centaur shoots an arrow.
The arrow barely misses you.
The centaur shoots an arrow.
The arrow closely misses you.
Casting: Foxfire (safe; 1% risk of failure)
Confirm with . or Enter, or press ? or * to list all spells.
You conjure some foxfire!
The centaur shoots an arrow.
The arrow hits you!
* * * LOW HITPOINT WARNING * * *
The centaur shoots an arrow.
The arrow hits you.
* * * LOW HITPOINT WARNING * * *
The centaur shoots an arrow.
The arrow hits you!
* * * LOW HITPOINT WARNING * * *
The centaur shoots an arrow.
The arrow misses you.
The centaur shoots an arrow.
The arrow closely misses you.
The centaur shoots an arrow.
The arrow hits you!
You die...

..~~~~~~~~~~..▒c▒...~~~~~
.▒~~~~~~~~~~........~~~~~
..~~~~~~~~~~~....cc~~~~~~
..~~~~~~~~~~~~~..~~~~~~~~
...~~~~~~~~~~~~~~~~~~~~
...▒▒▒~~~~~~~~~~~~~~~
.........▒~~~~~~~~.▒
..........▒~~~#▒▒..▒
.........▒▒▒..▒#Q.▒▒
.....▒..▒▒ ▒▒.▒#▒▒▒
.....▒..▒ ▒▒...▒
......▒▒▒ ▒..▒▒▒ .......▒
▒▒▒.▒▒ ....▒..▒▒▒....▒
....▒...▒.....▒
....▒.........▒
[.............▒


You could see 2 centaurs.

Vanquished Creatures
  Duvessa (D:6)
  A centaur (D:5)
  A bullfrog (D:6)
  A scorpion (D:6)
  5 wights (D:6)
  Dowan (D:6)
  A howler monkey (D:4)
  2 hounds (D:6)
  A sleepcap (D:4)
  An iguana (D:5)
  3 orc wizards (D:5)
  12 adders
  A white imp (D:6)
  An ufetubus (D:5)
  6 worms
  2 dart slugs
  8 orcs
  4 endoplasms
  2 giant cockroaches
  7 goblins
  8 hobgoblins
  2 jackals (D:2)
  2 ball pythons
  3 bats (D:1)
  4 frilled lizards
  8 kobolds
  6 rats
94 creatures vanquished.

Vanquished Creatures (others)
  199 foxfires
199 creatures vanquished.

Grand Total: 293 creatures vanquished

Notes
Turn   | Place    | Note
-------+----------+-------------------------------------------
     0 | D:1      | shmup the Tengu Fire Elementalist began the quest for the
                  | Orb.
     0 | D:1      | Reached XP level 1. HP: 10/10 MP: 4/4
    34 | D:1      | Found Feikliw's Antique Armour Shop.
   184 | D:1      | Reached XP level 2. HP: 15/15 MP: 3/6
   669 | D:1      | Learned a level 2 spell: Scorch
   685 | D:2      | Reached skill level 4 in Fire Magic
   880 | D:2      | Reached XP level 3. HP: 19/19 MP: 5/7
  1541 | D:2      | Found a faded altar of an unknown god.
  1615 | D:2      | Reached XP level 4. HP: 24/24 MP: 4/8
  1936 | D:3      | Reached skill level 5 in Fire Magic
  2255 | D:3      | Found Biojee's Armour Boutique.
  2376 | D:3      | Found Veulas's Antique Weapon Boutique.
  2456 | D:3      | Gained mutation: Your magical nature lets you fly swiftly
                  | and evasively. [Tengu growth]
  2456 | D:3      | Reached XP level 5. HP: 26/28 MP: 7/9
  2490 | D:3      | Found a hazy altar of Hepliaklqana.
  2491 | D:3      | Found a glowing golden altar of the Shining One.
  2647 | D:3      | Found Hoppuduvaff's Jewellery Shoppe.
  2649 | D:3      | Found Qetuth's Armour Shoppe.
  2767 | D:3      | Found Aneheiff's Antique Weapon Shoppe.
  2976 | D:4      | Identified the ring "Ovi Iharaq" {AC+4 Dex+4}
  3082 | D:4      | Found a bloodstained altar of Trog.
  3135 | D:4      | Found a runed translucent gate.
  3135 | D:4      | Found a runed translucent gate.
  3136 | D:4      | Found a runed translucent gate.
  3136 | D:4      | Noticed AylatheWolf's ghost (amateur MiFi)
  3136 | D:4      | Noticed a kobold brigand
  3157 | D:4      | Found a white marble altar of Elyvilon.
  3286 | D:4      | Reached skill level 6 in Fire Magic
  3783 | D:5      | Entered Level 5 of the Dungeon
  3797 | D:5      | Reached XP level 6. HP: 32/32 MP: 5/10
  4068 | D:5      | Noticed a water moccasin
  4296 | D:5      | Reached skill level 5 in Conjurations
  4328 | D:5      | Reached skill level 7 in Fire Magic
  4524 | D:5      | Reached XP level 7. HP: 36/36 MP: 5/11
  4739 | D:1      | Bought an ancient robe for 142 gold pieces
  4739 | D:1      | Identified the +1 robe of Henotheism {-Cast Fly rC++ rN++}
                  | (You bought it in a shop on level 1 of the Dungeon)
  4890 | D:6      | Noticed Duvessa
  4975 | D:6      | Killed Duvessa
  4976 | D:6      | Noticed Dowan
  5025 | D:6      | Killed Dowan
  5214 | D:6      | Reached skill level 8 in Fire Magic
  5399 | D:6      | Reached XP level 8. HP: 41/41 MP: 4/12
  5700 | D:6      | Reached skill level 9 in Fire Magic
  5831 | D:6      | Found an opulent altar of Gozag.
  6607 | D:6      | Shot with an arrow by a centaur

Illustrated notes

Levels and vault maps discovered:
D:1:      moated_graveyard_arrival, layout_basic, serial_shops,
          nicolae_shop_hallway_stairs
D:2:      layout_basic, hellmonk_ecumenical_altar_pennies_from_heaven,
          chequers_arboretum, amcnicky_mini_rare_corridor_liquid
D:3:      layout_loops_corners, mainiacjoe_overflow_divided_tiny, serial_shops,
          shop, shop, shop, nicolae_shop_tiny_glass, shop, nicolae_half_adder
D:4:      layout_rooms, mainiacjoe_overflow_small_starburst, elyvilon_altar_3,
          gammafunk_ghost_nasty_kobolds
D:5:      kennysheep_windowed_halls, layout_basic, temple_green, uniq_ijyb,
          uniq_blork_the_orc
D:6:      layout_cave_pools, nicolae_overflow_crystal_walls,
          cheibrodos_sewer_entry_bend, kennysheep_cross_bottleneck,
          centaur_isle, uniq_duvessa

Skill      XL: |  1  2  3  4  5  6  7  8 |
---------------+-------------------------+-----
Conjurations   | 2 3 4 5 6 7 |  7.1
Fire Magic     | 4 5 6 7 8 9 |  9.1
Dodging        | |  2.1
Stealth        | |  2.0
Spellcasting   | |  2.0

Action                     |  1- 3 |  4- 6 |  7- 9 || total
---------------------------+-------+-------+-------++-------
  Melee: Dagger            |     2 |    27 |       ||    29
         Kick              |     1 |     4 |       ||     5
         Peck              |       |     5 |       ||     5
   Cast: Foxfire           |    48 |    45 |    28 ||   121
         Scorch            |     3 |    24 |    30 ||    57
    Use: Scroll            |       |     5 |       ||     5
   Stab: Sleeping          |       |     1 |       ||     1
 Armour: Robe              |       |     8 |       ||     8
  Dodge: Dodged            |     3 |    30 |    31 ||    64
